Cogmind - Beta 10.2 @@@ ROGUE MODE // 2021.05.28 @ 20:46:35 Player: Bert Result: Self-destructed Performance ------------- Evolutions (2) 1000 Regions Visited (4) 800 Robots Destroyed (38) 190 Value Destroyed (883) 883 Prototype IDs (1) 20 Alien Tech Used (0) 0 Bonus (0) 0 TOTAL SCORE: 2893 Bonus ------- None Cogmind --------- Core Integrity 468/550 Matter 300/300 Energy 265/265 System Corruption 2% Temperature Cool (56) Movement Treading (180) Ox1 Location -8/Materials Parts ------- > --- POWER (2) -------- Improved Ion Engine > --- PROPULSION (2) --- Improved Treads > --- UTILITY (4) ------ Improved Heat Sink Large Storage Unit Improved Targeting Computer Improved Targeting Computer > --- WEAPON (3) ------- Improved Medium Laser Mining Claw > --- INVENTORY (10) --- Light Treads Heat Sink Improved Sensor Array Recoil Stabilizer Hacking Suite Integration Mediator Shotgun Improved Grenade Launcher Heavy Mace Peak State ------------ > --- POWER ------------ Ion Engine Improved Ion Engine > --- PROPULSION ------- Light Treads Improved Treads > --- UTILITY ---------- Heat Sink Large Storage Unit Improved Targeting Computer Improved Targeting Computer > --- WEAPON ----------- Improved Medium Laser Light EM Pulse Cannon Heavy Mace > --- INVENTORY -------- Light Treads Improved Sensor Array Recoil Stabilizer Shotgun Improved Grenade Launcher Mining Claw [Rating: 21] Favorites ----------- Power Ion Engine Engine Ion Engine Propulsion Light Treads Treads Light Treads Utility Improved Targeting Computer Device Improved Heat Sink Storage Large Storage Unit Processor Improved Targeting Computer Weapon Light Assault Rifle Energy Gun Beam Rifle Energy Cannon Beam Cannon Ballistic Gun Light Assault Rifle Launcher Grenade Launcher Impact Weapon Heavy Mace Slashing Weapon Mining Claw Build | -11 -10 -9 -9 -8 ------- Run | Scr Mat Mat Min Mat Slots Evolved 4 | . . 2 . 2 Power 1 | . . . . 1 Propulsion . | . . . . . Utility 2 | . . 2 . . Weapon 1 | . . . . 1 Parts Attached 36 | 7 6 16 2 5 Power 6 | 1 1 3 . 1 Engine 6 | 1 1 3 . 1 Core . | . . . . . Reactor . | . . . . . Propulsion 6 | 2 . 3 1 . Treads 6 | 2 . 3 1 . Leg . | . . . . . Wheel . | . . . . . Hover . | . . . . . Flight . | . . . . . Utility 7 | 1 1 3 . 2 Device 3 | . 1 . . 2 Storage 2 | 1 . 1 . . Processor 2 | . . 2 . . Hackware . | . . . . . Protection . | . . . . . Artifact . | . . . . . Weapon 17 | 3 4 7 1 2 Energy Gun 6 | 2 . 3 1 . Energy Cannon 3 | . 2 1 . . Ballistic Gun 5 | 1 1 3 . . Ballistic Cannon . | . . . . . Launcher 1 | . 1 . . . Special Weapon . | . . . . . Impact Weapon 1 | . . . . 1 Slashing Weapon 1 | . . . . 1 Piercing Weapon . | . . . . . Special Melee Weapon . | . . . . . Unidentified Prototypes 1 | . . 1 . . Parts Lost 5 | . . . 2 3 Power 1 | . . . . 1 Propulsion 1 | . . . . 1 Utility 1 | . . . 1 . Weapon 2 | . . . 1 1 Highest Loss Streak 2 | . . . 2 2 Average Slot Usage (%) 94 | . 96 91 97 96 Engine 12 | . 14 11 11 18 Treads 23 | . 28 22 22 15 Device 10 | . 10 11 8 9 Storage 11 | . 14 11 11 9 Processor 11 | . . 14 22 18 Energy Gun 7 | . 6 6 10 9 Energy Cannon 6 | . 6 4 11 9 Ballistic Gun 8 | . 13 10 . . Naked Turns . | . . . . . Heaviest Build 39 | 12 16 31 31 39 Greatest Support 43 | 40 40 40 43 43 Greatest Overweight (x) 3 | 3 . . . 1 Average Overweight (x) . | . . . . . Largest Inventory Capacity 12 | 6 6 12 10 10 Average Capacity 8 | 5 6 9 10 10 Most Carried 10 | 2 6 10 10 9 Average Carried 7 | 1 5 9 9 7 Final Capacity 10 | 6 6 10 10 10 Final Carried 10 | 2 6 10 9 9 Class Distribution -------------------- 59% | Mutant 40% | Scavenger-Mutant Dominant Class ---------------- Mutant | -10/Materials Scavenger-Mutant | -9/Materials Scavenger-Mutant | -9/Mines Scavenger-Mutant | -8/Materials Resources | -11 -10 -9 -9 -8 ----------- Run | Scr Mat Mat Min Mat Matter Collected 700 | 227 135 239 44 55 Remotely . | . . . . . Salvage Created 1290 | . 270 637 177 206 Parts 60 | . 15 30 8 7 Haulers Intercepted 5 | . . 3 . 2 Recyclers Shooed . | . . . . . Parts Field Recycled . | . . . . . Retrieved Matter . | . . . . . Parts Self-Destructed . | . . . . . Prevented . | . . . . . Kills | -11 -10 -9 -9 -8 ------- Run | Scr Mat Mat Min Mat Combat Hostiles Destroyed 29 | . 8 11 8 2 Guns 16 | . 2 9 3 2 Cannons 9 | . 3 2 4 . AOE 4 | . 3 . 1 . Classes Destroyed 7 | . 3 3 1 . Builder 1 | . . . 1 . Hauler 5 | . . 3 . 2 Watcher 3 | . 2 1 . . Swarmer 10 | . 3 . 7 . Grunt 14 | . 5 7 . 2 Brawler 1 | . . 1 . . Sentry 3 | . . 3 . . Best Kill Streak 5 | . 3 4 5 4 Combat Bots Only 4 | . 3 4 4 1 Max Kills in Single Turn 3 | . 3 1 1 1 Gunslinging . | . . . . . Exploded 3 | . 3 . 1 . Melee . | . . . . . Uniques/NPCs Destroyed 1 | . . . 1 . YI-UF0 (-9/Mines) Combat | -11 -10 -9 -9 -8 -------- Run | Scr Mat Mat Min Mat Damage Taken 1434 | . 374 385 346 329 Core 228 | . 75 55 16 82 Absorbed by Shields . | . . . . . Core Remaining (%) 84 | 100 70 . 82 . Volleys Fired 100 | . 32 32 20 16 Largest 2 | . 2 2 2 2 Hottest 112 | . 80 83 112 112 Shots Fired 183 | . 64 64 25 30 Gun 126 | . 48 57 5 16 Cannon 56 | . 15 7 20 14 Launcher 1 | . 1 . . . Special . | . . . . . Kinetic 64 | . 32 32 . . Thermal 84 | . 31 32 5 16 Explosive 1 | . 1 . . . Electromagnetic 34 | . . . 20 14 Robot Hit Streak 30 | . 6 28 30 15 Robot Miss Streak 3 | . 3 2 2 1 Penetration Max . | . . . . . Secondary Targets 1 | . . 1 . . Max Gunslinging Chain 1 | . . 1 . . Shots Hit Robots 125 | . 35 49 17 24 Core Hits 58 | . 17 23 11 7 Critical Hits . | . . . . . Critical Kills . | . . . . . Critical Parts Destroyed . | . . . . . Melee Attacks 3 | . . . . 3 Impact . | . . . . . Slashing 3 | . . . . 3 Piercing . | . . . . . Sneak Attacks . | . . . . . Combat Hostiles . | . . . . . Follow-up Attacks . | . . . . . Damage Inflicted 2183 | . 498 804 422 459 Guns 1192 | . 190 677 87 238 Cannons 724 | . 191 127 229 177 Explosions 267 | . 117 . 106 44 Melee . | . . . . . Ramming . | . . . . . Kinetic 454 | . 101 353 . . Thermal 1206 | . 280 451 193 282 Explosive 117 | . 117 . . . Electromagnetic 406 | . . . 229 177 Impact . | . . . . . Slashing . | . . . . . Piercing . | . . . . . Highest Corruption 2 | . . . . 2 Average Corruption 2 | . . . . 2 Corruption Purged . | . . . . . Overload Shots . | . . . . . Overflow Damage 21 | . . . 21 . Projectiles . | . . . . . Explosions 21 | . . . 21 . Melee . | . . . . . Knockbacks . | . . . . . Impact . | . . . . . Kinetic . | . . . . . Secondary . | . . . . . Self-Inflicted Damage 44 | . . . 44 . Shots 1 | . . . 1 . Rammed . | . . . . . Targets Rammed . | . . . . . Kicked . | . . . . . Crushed . | . . . . . Highest Temperature 169 | . 98 6 102 169 Average Temperature 50 | . 19 4 32 101 Received Heat Transfer 510 | . 168 171 . 171 Siege Activations . | . . . . . Robots Corrupted . | . . . . . Combat Hostiles . | . . . . . Parts Fried 1 | . . . 1 . Impact Corruptions . | . . . . . Robots Melted . | . . . . . Combat Hostiles . | . . . . . Parts Melted 4 | . 2 2 . . Heat Transferred 2642 | . 666 1073 335 568 Parts Sabotaged . | . . . . . Parts Stolen . | . . . . . Parts Stripped . | . . . . . Power Chain Reactions 2 | . . . 1 1 Missiles Intercepted . | . . . . . Alert | -11 -10 -9 -9 -8 ------- Run | Scr Mat Mat Min Mat Peak Influence 285 | . 223 228 285 166 Initial 103 | . . 22 75 103 Average 107 | . 75 111 219 107 Maximum Alert Level 1 | . 1 1 1 . Low Security (%) 87 | 100 91 91 42 100 Level 1 12 | . 8 8 57 . Level 2 . | . . . . . Level 3 . | . . . . . Level 4 . | . . . . . Level 5 . | . . . . . High Security . | . . . . . Max Security . | . . . . . Squads Dispatched 2 | . 1 1 . . Investigation 1 | . 1 . . . Extermination . | . . . . . Reinforcement 1 | . . 1 . . Assault . | . . . . . Garrison . | . . . . . Intercept . | . . . . . Construction Impeded . | . . . . . Haulers Reinforced . | . . . . . Stealth | -11 -10 -9 -9 -8 --------- Run | Scr Mat Mat Min Mat Distress Signals 2 | . . 2 . . Communications Jammed . | . . . . . Distress Signals . | . . . . . Times Spotted 47 | . 10 16 11 10 Peak Tracking Total 8 | . 3 5 4 8 Tactical Retreats 1 | . . . 1 . Traps | -11 -10 -9 -9 -8 ------- Run | Scr Mat Mat Min Mat Traps Triggered 3 | . 2 1 . . Indirectly . | . . . . . Trap Hack Attempts . | . . . . . Triggered . | . . . . . Disarmed . | . . . . . Reprogrammed . | . . . . . Reused . | . . . . . Traps Extracted . | . . . . . Installed . | . . . . . Triggered . | . . . . . Machines | -11 -10 -9 -9 -8 ---------- Run | Scr Mat Mat Min Mat Machines Disabled 2 | . . . 1 1 Max in Single Turn 1 | . . . 1 1 Machines Sabotaged . | . . . . . Garrisons Compromised . | . . . . . Overloaded Fab Kills . | . . . . . Fab Network Shutdowns . | . . . . . Hacking | -11 -10 -9 -9 -8 --------- Run | Scr Mat Mat Min Mat Machines Accessed 6 | . 3 1 1 1 Terminals 6 | . 3 1 1 1 Fabricators . | . . . . . Repair Stations . | . . . . . Recycling Units . | . . . . . Scanalyzers . | . . . . . Garrison Access . | . . . . . Total Hacks 14 | . 10 1 1 2 Successful 9 | . 6 . 1 2 Failed 5 | . 4 1 . . Catastrophic . | . . . . . Database Lockouts . | . . . . . Manual 1 | . 1 . . . Terminals 14 | . 10 1 1 2 Fabricators . | . . . . . Repair Stations . | . . . . . Recycling Units . | . . . . . Scanalyzers . | . . . . . Garrison Access . | . . . . . Terminal Hacks 9 | . 6 . 1 2 Record 2 | . 2 . . . Robot Analysis 2 | . 2 . . . Branch Access Points 1 | . 1 . . . Alert Level 1 | . . . . 1 Unreport Threat 1 | . . . . 1 Zone Layout 2 | . 1 . 1 . Fabricator Hacks . | . . . . . Repair Station Hacks . | . . . . . Recycling Unit Hacks . | . . . . . Scanalyzer . | . . . . . Garrison Access Hacks . | . . . . . Unauthorized Hacks . | . . . . . Terminals . | . . . . . Fabricators . | . . . . . Repair Stations . | . . . . . Recycling Units . | . . . . . Scanalyzers . | . . . . . Garrison Access . | . . . . . Data Cores Recovered . | . . . . . Used . | . . . . . Hacking Detections 5 | . 3 1 . 1 Full Trace Events . | . . . . . Feedback Events . | . . . . . Feedback Blocked . | . . . . . Robot Schematics Acquired . | . . . . . Robots Built . | . . . . . Matter . | . . . . . Time . | . . . . . Total Robot Build Rating . | . . . . . Part Schematics Acquired . | . . . . . Parts Built . | . . . . . Matter . | . . . . . Time . | . . . . . Total Part Build Rating . | . . . . . Parts Repaired . | . . . . . Time . | . . . . . Parts Recycled . | . . . . . Recycled Matter . | . . . . . Retrieved Matter . | . . . . . Retrieved Components . | . . . . . Parts Scanalyzed . | . . . . . Part Schematics Acquired . | . . . . . Parts Damaged . | . . . . . Bothacking | -11 -10 -9 -9 -8 ------------ Run | Scr Mat Mat Min Mat Used RIF Installer . | . . . . . Robots Hacked . | . . . . . Non-combat . | . . . . . Combat . | . . . . . Robot Hacks Applied . | . . . . . Relay Couplers Released . | . . . . . Robots Rewired . | . . . . . Allies Hacked . | . . . . . Hacks Repelled . | . . . . . Allies | -11 -10 -9 -9 -8 -------- Run | Scr Mat Mat Min Mat Total Allies . | . . . . . Largest Group . | . . . . . Highest-Rated Group . | . . . . . Highest-Rated Ally . | . . . . . Total Orders . | . . . . . Ally Attacks . | . . . . . Total Damage . | . . . . . Kills . | . . . . . Allies Corrupted . | . . . . . Allies Melted . | . . . . . Intel | -11 -10 -9 -9 -8 ------- Run | Scr Mat Mat Min Mat Robot Analysis Total 2 | . 2 . . . Derelict Logs Recovered 2 | . . . 2 . Drone Launches . | . . . . . Drone Recoveries . | . . . . . Exploration | -11 -10 -9 -9 -8 ------------- Run | Scr Mat Mat Min Mat Turns Passed 1688 | 75 529 686 209 189 Spaces Moved 796 | 39 254 328 101 74 Core 14 | 14 . . . . Treads 782 | 25 254 328 101 74 Legs . | . . . . . Wheels . | . . . . . Hover . | . . . . . Flight . | . . . . . Fastest Speed 50 | 50 160 160 160 160 Average Speed 160 | 162 160 160 160 166 Slowest Speed 200 | 200 160 160 160 180 Overloaded Moves . | . . . . . Propulsion Burnouts . | . . . . . Robots Hopped . | . . . . . Cave-ins Triggered . | . . . . . Exploration Rate (%) 24 | 3 47 32 28 10 Regions Visited 4 Branch Regions 1 Pre-discovered Areas . | . . . . . Known Exits Taken . | . . . . . Unknown Exits Taken 4 | 1 1 1 1 . Scrap Searched 1 | . . . 1 . Spaces Dug 2 | . . . . 2 Terrain Destroyed 23 | . 5 . 14 4 Melee 2 | . . . . 2 Projectile . | . . . . . AOE 21 | . 5 . 14 2 Terrain Rammed . | . . . . . Walls Destroyed . | . . . . . Machines Disabled . | . . . . . Actions | -11 -10 -9 -9 -8 --------- Run | Scr Mat Mat Min Mat Total 1024 | 47 321 430 124 102 Wait 47 | . 15 29 1 2 Move 792 | 38 253 327 100 74 Hop . | . . . . . Pick Up 20 | 2 8 8 . 2 Fast Attach 15 | 6 2 7 . . Attach 4 | . . . 1 3 Detach 2 | . . 2 . . Swap 17 | 1 4 9 1 2 Drop 24 | . 7 16 1 . Fire 100 | . 32 32 20 16 Melee 3 | . . . . 3 Ram . | . . . . . Kick . | . . . . . Crush . | . . . . . Escape Stasis . | . . . . . Rewire . | . . . . . Trap . | . . . . . Miscellaneous . | . . . . . Route ------- -11/Scrapyard -10/Materials (discovered 2 exits: *Mat / *Min) -9/Materials -9/Mines -8/Materials (discovered 1 exit: Fac) History --------- Turn | Location | Event 36 | -11/Scrapyard | Discovered new exit (range 13) 76 | -11/Scrapyard | Entered Materials 307 | -10/Materials | Build established: Mutant 315 | -10/Materials | Discovered new exit (range 15) 527 | -10/Materials | Discovered new exit (range 14) 527 | -10/Materials | Identified exit to Mines 605 | -10/Materials | Entered another Materials area 605 | -9/Materials | Evolved 2 slots: Utility x2 1162 | -9/Materials | Build established: Scavenger-Mutant 1198 | -9/Materials | Discovered new exit (range 12) 1291 | -9/Materials | Entered Mines 1322 | -9/Mines | Met a Derelict bent on vengeance 1370 | -9/Mines | Learned Materials stockpile data 1370 | -9/Mines | Discovered new exit (range 11) 1453 | -9/Mines | Learned location of 1 exit from Materials 1471 | -9/Mines | Destroyed YI-UF0 1500 | -9/Mines | Entered Materials 1500 | -8/Materials | Evolved 2 slots: Power x1, Weapon x1 1501 | -8/Materials | Identified exit to Factory 1689 | -8/Materials | Self-destructed Last Messages --------------- 01620_ Chain reaction triggered in Ion Engine. 01620_ A-02 Transporter destroyed. 01620_ Processing Tank disabled. 01622_ R-06 Scavenger collects Aluminum Leg. 01625_ Lgt. Treads destroyed. 01626_ R-06 Scavenger collects Lgt. Nuclear Core. 01629_ G-47 Trooper destroyed. 01630_ R-06 Scavenger collects Aluminum Leg. 01632_ A-02 Transporter destroyed. 01637_ Acquired 45 matter. 01656_ Acquired 10 matter. 01665_ Connecting with Terminal... 01665_ Current location identified: Materials >>Alert(Check) Current Alert Level: Low Security >>Alert(Purge) Purged threat record, alert level lowered. 01683_ Lgt. EM Pulse Cannon destroyed. 01687_ Ion Engine destroyed. 01687_ System corrupted by crushing effect (+2). Map ----- +----------------------------------------------------+ | ???????????????????????????????????????????????? | | ?????????????????????????????????????????####### | | ?????????????????????????????????????????# = | | ?????????????????????????????????????????#""" | | ?????????????????????????????????????????#""" | | ?????????????????????????????????????????#""" | | ????????????????????????????####?????????# | | ???????????????????????????? #?????????# ! | | ???????????????????????????? #?????????####+## | | ????????????????????????????# #????????????# #? | | ????????????????????????????# #??###########+## | | ????????????????????????????# #??# | | ????????????????????????????# #??# """ """ """ | | ????????????????????????????# #??# """ """ """ | | ????????????????????????????# #??# """ """ """ | | ????????????????????????????# #??# | | ????????????????????????????# #??# ] | | ????????????????????????###?# #?## ############ | | ?????????????#+##########T### ###* "########### | | ?????????????# % =[%[ | | ?????????????# ![%[= | | ?????????????# """ "=[[ | | ?????????????# ###### g """ "" ########## | | ??????????????????????# """ """ #????????? | | ??????????????????????#bg """ """ %#????????? | | ??????????????????????#@ """ """ #????????? | | ??????????????????????# w ???????? | | ??????????????????????# g ??????? | | ??????????????????????# g ?????? | | ??????????????????????# g ????? | | ??????????????????????######################???? | | ???????????????????????????????????????????????? | | ???????????????????????????????????????????????? | | ???????????????????????????????????????????????? | | ???????????????????????????????????????????????? | | ???????????????????????????????????????????????? | | ???????????????????????????????????????????????? | | ???????????????????????????????????????????????? | | ???????????????????????????????????????????????? | | ???????????????????????????????????????????????? | | ???????????????????????????????????????????????? | | ???????????????????????????????????????????????? | | ???????????????????????????????????????????????? | | ???????????????????????????????????????????????? | | ???????????????????????????????????????????????? | | ???????????????????????????????????????????????? | | ???????????????????????????????????????????????? | | ???????????????????????????????????????????????? | | ???????????????????????????????????????????????? | | ???????????????????????????????????????????????? | +----------------------------------------------------+ Best States ------------- Heat Dissipation 45 Energy Generation 17 Energy Capacity 415 Matter Stores 300 Matter Capacity 300 Sight Range 16 Terrain Scan Density 10 Evasion (%) 40 Targeting Accuracy 12 Recoil Reduction 2 Item Schematics ----------------- None Robot Schematics ------------------ None Fabricated ------------ Nothing Alien Tech Used ----------------- None Achievements -------------- None Challenges ------------ None Game ------ Seed LargeTransportWeb Manual? 0 Play Time 00:28:06 Cumulative 162.8 hours Start 2021.05.28 @ 19:45:00 End 2021.05.28 @ 20:46:35 Sessions 2 Manual Loads 0 Difficulty Rogue Special Mode None Game No. 203 Rogue 203 Adventurer 0 Explorer 0 Win Type - Total 1 Types 1/0/0/0/0/0/0/0/0 Lore% 38 Gallery% 62 Achievement% 41 Wizard Run 0 Options --------- ASCII 0 Keyboard 1 Movement Vi Keybinds 0 Fullscreen 1 Font 14/Dina Map View 84x54 Tactical HUD 1 Map Filters NONE Filters NONE Steam 1 RUN: 2d67932c-c730-4a1f-a66c-f55cb8a4ad0a